 Dungeon Crawl Stone Soup version 0.28-a0-1567-g1695149f81 (webtiles) character file.

Game seed: 4962192556088651560

8330 willcat the Skirmisher (level 11, 0/111 HPs)
             Began as an Ogre Gladiator on Jan 19, 2022.
             Was a Believer of the Shining One.
             Slain by a blink frog (11 damage)
             ... on level 2 of the Lair of Beasts.
             The game lasted 00:14:23 (17079 turns).

willcat the Skirmisher (Ogre Gladiator)            Turns: 17079, Time: 00:14:24

Health: 0/111      AC:  4    Str: 28    XL:     11   Next: 29%
Magic:  22/22      EV: 13    Int: 13    God:    the Shining One [**....]
Gold:   504        SH:  8    Dex:  6    Spells: 21/25 levels left

rFire   . . .      SeeInvis .   i - +2 hand axe (venom)
rCold   . . .      Faith    .   h - +0 kite shield
rNeg    + . .      Spirit   .   d - +1 robe {Will+}
rPois   .          Reflect  .   c - +0 hat
rElec   .          Harm     .   (no cloak)
rCorr   .          Rampage  .   (gloves unavailable)
Will    ++...      Rage     1%  (boots unavailable)
Stlth   +.........              r - amulet of magic regeneration
HPRegen 0.28/turn               e - +4 ring of evasion
MPRegen 0.58/turn               l - +6 ring of strength

@: glowing
A: large, unfitting armour, tough skin 1, berserk 1, clumsy 2, strong 1
a: Renounce Religion, Divine Shield


You were on level 2 of the Lair of Beasts.
You worshipped the Shining One.
The Shining One was pleased with you.
You visited 3 branches of the dungeon, and saw 13 of its levels.

You collected 532 gold pieces.
You spent 28 gold pieces at shops.

Inventory:

Hand Weapons
 a - a +0 trident
 i - a +2 hand axe of venom (weapon)
Armour
 b - a +0 robe
 c - a +0 hat (worn)
 d - a +1 robe of willpower (worn)
 h - a +0 kite shield (worn)
Jewellery
 e - a +4 ring of evasion (left hand)
 g - a +6 ring of dexterity
 l - a +6 ring of strength (right hand)
 r - an amulet of magic regeneration (around neck)
 t - a +6 ring of intelligence
Scrolls
 f - 4 scrolls of identify
 j - 2 scrolls of silence
 n - 3 scrolls of teleportation
 o - a scroll of magic mapping
 s - 3 scrolls of blinking
 x - a scroll of fear
Potions
 k - 2 potions of flight
 m - a potion of might
 q - a potion of haste
 u - 3 potions of heal wounds


   Skills:
 - Level 7.9 Fighting
 + Level 1.9(5.1) Axes
 - Level 7.5(7.7) Polearms
 - Level 2.0 Throwing
 + Level 6.0 Dodging
 + Level 6.3 Shields
 + Level 7.9 Spellcasting
 + Level 3.7 Conjurations
 + Level 3.7 Fire Magic
 + Level 6.5 Invocations


You had 21 spell levels left.
You knew the following spells:

 Your Spells              Type           Power      Damage    Failure   Level
a - Sticky Flame          Conj/Fire      14%        2d4       54%         4

Your spell library contained the following spells:

 Spells                   Type           Power      Damage    Failure   Level
 Foxfire                  Conj/Fire      56%        2x1d6     6%          1
 Conjure Flame            Conj/Fire      14%        6-21      19%         3
 Static Discharge         Conj/Air       9%         N/A       21%         2
 Inner Flame              Hex/Fire       10%        N/A       38%         3
 Flame Wave               Conj/Fire      14%        2d5       54%         4
 Dispel Undead            Necr           5%         3d7       96%         4


Dungeon Overview and Level Annotations

Branches:
Dungeon (10/15)            Temple (1/1) D:5            Lair (2/6) D:8
    Orc (0/2) D:10
  Swamp: Lair:2-4    Shoals: Lair:2-4     Snake: Lair:2-4    Spider: Lair:2-4

Altars:
Ashenzari
Cheibriados
Dithmenos
Elyvilon
Fedhas
Gozag
Hepliaklqana
Kikubaaqudgha
Makhleb
Nemelex Xobeh
Okawaru
Qazlal
Ru
Sif Muna
Trog
Uskayaw
Vehumet
Wu Jian
Xom
Yredelemnul
Zin
The Shining One

Shops:
D:2 ?


Innate Abilities, Weirdness & Mutations

You are too large for most types of armour.
You have tough skin. (AC +1)
You tend to lose your temper in combat.
You are very clumsy. (Dex -4)
Your muscles are strong. (Str +2)


Message History

You hit the black mamba.
The black mamba is lightly wounded.
The black mamba bites you!
The blink frog blinks!
The black mamba bites you. The black mamba misses you.
You closely miss the black mamba.
The black mamba is lightly wounded.
You block the black mamba's attack. The black mamba closely misses you.
You slash the black mamba!
The black mamba is moderately wounded.
The black mamba closely misses you. The black mamba bites you!
You hit the black mamba.
The black mamba is poisoned.
The black mamba is moderately wounded.
The black mamba bites you.
The blink frog blinks! x2
The black mamba bites you!
You closely miss the black mamba.
The black mamba is moderately wounded.
You block the black mamba's attack. The black mamba bites you.
You hit the black mamba.
The black mamba is heavily wounded.
The black mamba bites you but does no damage.
The black mamba bites you!
The blink frog blinks!
Unknown command.
The blink frog blinks!
The black mamba bites you.
* * * LOW HITPOINT WARNING * * *
You are poisoned.
The black mamba poisons you!
You slash the blink frog!
The blink frog looks as sick as possible!
The blink frog is moderately wounded.
You hit the black mamba.
* * * LOW HITPOINT WARNING * * *
You feel extremely sick. The black mamba closely misses you.
The blink frog hits you!
* * * LOW HITPOINT WARNING * * *
The black mamba completely misses you. You block the blink frog's attack.
Unknown command.
You feel better. You block the black mamba's attack. The black mamba bites you!
* * * LOW HITPOINT WARNING * * *
The blink frog hits you!
You die...

.... ... #.. ## #.. ..#
##.. ##########..#
#P:.##..#.#.#.P.#
#....F§.S@F....###...##
#..(P.#####....##.....#
#...### ##...........#
#.... #...........##
.....## ##.#...P.#...
......# #..+......#.#
.....F..#
#..#......#.##
.....^...
##....<......#
.........
#.#..#.###..#.##


You could see a black mamba (poisoned) and 2 blink frogs.

Vanquished Creatures
  A two-headed ogre (D:9)
  Pikel (D:4)
  An ugly thing (D:8)
  A komodo dragon (D:8)
  5 blink frogs
  Grinder (D:4)
  Prince Ribbit (D:8)
  11 yaks
  4 water moccasins
  2 orc warriors
  An ice beast (D:8)
  A sky beast (D:8)
  5 wolves (Lair:1)
  5 centaurs
  A lemure (D:4)
  2 kobold brigands (D:9)
  4 bullfrogs
  A wyvern zombie (D:6)
  2 scorpions
  13 wights
  7 killer bees
  A howler monkey (D:7)
  2 centaur zombies
  A hound (D:5)
  4 orc priests
  4 jellies
  A centaur skeleton (D:5)
  Ijyb (D:3)
  4 orc wizards
  2 scorpion zombies (D:5)
  A killer bee zombie (D:8)
  A hound skeleton (D:5)
  4 adders
  A shadow imp (D:7)
  A white imp (D:6)
  An ufetubus (D:4)
  An adder zombie (D:4)
  An adder skeleton (D:4)
  2 worms
  A dart slug (D:3)
  37 orcs
  3 ball pythons
  5 bats
  4 endoplasms
  3 giant cockroaches
  8 goblins
  4 hobgoblins
  2 jackals (D:1)
  13 kobolds
  A frilled lizard (D:2)
  10 rats
194 creatures vanquished.

Vanquished Creatures (others)
  8 plants (D:8)
8 creatures vanquished.

Grand Total: 202 creatures vanquished

Notes
Turn   | Place    | Note
-------+----------+-------------------------------------------
     0 | D:1      | willcat the Ogre Gladiator began the quest for the Orb.
     0 | D:1      | Reached XP level 1. HP: 22/22 MP: 1/1
   221 | D:1      | Reached XP level 2. HP: 31/31 MP: 1/3
   489 | D:1      | Reached skill level 1 in Spellcasting
  1194 | D:2      | Reached XP level 3. HP: 37/37 MP: 4/4
  1556 | D:2      | Found Cylich's Magic Scroll Shoppe.
  1562 | D:2      | Bought a scroll of identify for 28 gold pieces
  2063 | D:3      | Found a sacrificial altar of Ru.
  2063 | D:3      | Found a hide-covered altar of Uskayaw.
  2071 | D:3      | Noticed a scorpion
  2078 | D:3      | Killed a scorpion
  2079 | D:3      | Reached skill level 1 in Shields
  2079 | D:3      | Reached XP level 4. HP: 48/48 MP: 5/7
  2585 | D:3      | Reached XP level 5. HP: 34/54 MP: 2/8
  3459 | D:4      | Noticed a steam dragon
  3468 | D:4      | Noticed Ijyb
  3560 | D:4      | Paralysed by Ijyb for 6 turns
  3621 | D:3      | Killed Ijyb
  4049 | D:4      | Noticed Grinder
  4064 | D:4      | You fall into a shaft and drop 1 floor!
  4064 | D:5      | Entered Level 5 of the Dungeon
  4086 | D:5      | Reached XP level 6. HP: 37/63 MP: 10/10
  4099 | D:5      | Reached skill level 5 in Fighting
  4261 | D:5      | Found a staircase to the Ecumenical Temple.
  4272 | Temple   | Entered the Ecumenical Temple
  4475 | Temple   | Became a worshipper of the Shining One
  4671 | D:5      | Reached XP level 7. HP: 64/72 MP: 12/12
  5300 | D:4      | Noticed Pikel
  5608 | D:4      | Paralysed by Grinder for 3 turns
  5708 | D:4      | Paralysed by Grinder for 3 turns
  5713 | D:4      | Killed Grinder
  5714 | D:4      | Reached skill level 5 in Polearms
  5714 | D:4      | Reached skill level 1 in Invocations
  6010 | D:4      | Killed Pikel
  6011 | D:4      | Reached XP level 8. HP: 24/84 MP: 13/15
  6656 | D:6      | Reached skill level 5 in Spellcasting
  6936 | D:6      | Reached * piety under the Shining One
  7013 | D:6      | Found a shadowy altar of Dithmenos.
  7835 | D:7      | Reached XP level 9. HP: 70/93 MP: 17/17
  9162 | D:7      | Gained mutation: You are clumsy. (Dex -2) [potion of
                  | mutation]
  9162 | D:7      | Gained mutation: You have hidden genetic defects. [potion
                  | of mutation]
  9162 | D:7      | Gained mutation: Your muscles are strong. (Str +2) [potion
                  | of mutation]
 10335 | D:7      | Gained mutation: You are very clumsy. (Dex -4) [hidden
                  | defects]
 10601 | D:8      | Learned a level 4 spell: Sticky Flame
 10659 | D:8      | Noticed Prince Ribbit
 10672 | D:8      | Reached skill level 5 in Shields
 10701 | D:8      | Killed Prince Ribbit
 10702 | D:8      | Reached skill level 1 in Conjurations
 10702 | D:8      | Reached skill level 1 in Fire Magic
 10703 | D:8      | Gained mutation: You tend to lose your temper in combat.
                  | [hidden defects]
 10703 | D:8      | Lost mutation: You have hidden genetic defects. [hidden
                  | defects expressed]
 10928 | D:8      | Reached XP level 10. HP: 47/104 MP: 19/19
 11307 | D:8      | Reached skill level 5 in Invocations
 11473 | D:8      | Noticed a green ugly thing
 11820 | D:8      | Reached skill level 5 in Dodging
 11891 | D:9      | Found a stormy altar of Qazlal.
 12163 | D:9      | Noticed a two-headed ogre
 12185 | D:9      | Killed a two-headed ogre
 12835 | D:9      | Reached ** piety under the Shining One
 13972 | D:8      | Found a staircase to the Lair.
 14549 | D:10     | Entered Level 10 of the Dungeon
 14995 | D:8      | Killed a green ugly thing
 14996 | D:8      | Reached XP level 11. HP: 18/111 MP: 14/22
 15244 | Lair:1   | Entered Level 1 of the Lair of Beasts
 15259 | Lair:1   | Reached skill level 1 in Axes
 15828 | Lair:1   | Identified the +0 pair of gloves of Ekkiusoh {rElec Regen+
                  | Dex+4}
 17079 | Lair:2   | Slain by a blink frog

Illustrated notes

Levels and vault maps discovered:
D:1:      minmay_arrival_loop, layout_loops_ring, minmay_door_square
D:2:      layout_basic, serial_shops, nicolae_shop_hallway_plus
D:3:      layout_basic, grunt_temple_overflow_open, minmay_misc_feat_room,
          roderic_lattice_a
D:4:      layout_basic, minmay_bisected, uniq_grinder, uniq_ijyb, uniq_pikel
D:5:      layout_loops_cross, minmay_temple_entry_waves
D:6:      layout_basic, grunt_dithmenos_smoke, water_maze_lemuel
D:7:      layout_layer_cave
D:8:      minmay_skewed_foursquare, layout_cave_pools, david_lair_shrubbed,
          serial_rivers, chequers_serial_rivers_large_b,
          chequers_serial_rivers_small_a, chequers_serial_rivers_marsh,
          chequers_serial_rivers_small_b, chequers_serial_rivers_room_b,
          chequers_serial_rivers_room_b, special_room [special_room_orc],
          nicolae_fountain_basement, uniq_prince_ribbit1
D:9:      layout_irregular_city, nicolae_qazlal_scattered_showers
D:10:     layout_grid_maze, erik_orc_1, minmay_ruffians
Temple:   eino_narrow_crystal_temple
Lair:1:   layout_layer_cave, grunt_megastairs_5
Lair:2:   layout_chaotic_city, minmay_swamp_entry_swarm,
          nicolae_quartered_pool_medium, amcnicky_mini_pool_medium

Skill      XL: |  1  2  3  4  5  6  7  8  9 10 11 |
---------------+----------------------------------+-----
Fighting       | 3 4 5 6 7 |  7.9
Spellcasting   | 1 2 3 4 5 6 7 |  7.9
Shields        | 1 2 3 4 5 6 |  6.3
Polearms       | 4 5 6 7 |  7.5
Invocations    | 2 3 4 6 |  6.5
Dodging        | 3 4 5 6 |  6.0
Conjurations   | 1 3 |  3.7
Fire Magic     | 1 3 |  3.7
Axes           | 1 |  1.9
Throwing       | |  2.0

Action                   |  1- 3 |  4- 6 |  7- 9 | 10-12 || total
-------------------------+-------+-------+-------+-------++-------
Melee: Trident           |   105 |   203 |   341 |   262 ||   911
       Hand axe          |       |       |       |    83 ||    83
Throw: Throwing net      |     1 |     3 |     2 |       ||     6
       Dart              |       |       |       |     2 ||     2
 Cast: Sticky Flame      |       |       |       |     1 ||     1
Evoke: Wand              |       |       |       |     5 ||     5
  Use: Potion            |       |     1 |     4 |     3 ||     8
       Scroll            |       |       |    11 |     5 ||    16
 Stab: Sleeping          |     1 |       |       |       ||     1
       Held in net/web   |     1 |       |       |       ||     1
Armor: Robe              |    19 |    32 |    49 |    32 ||   132
Dodge: Dodged            |    41 |   103 |   168 |   200 ||   512
Block: Kite shield       |    11 |    74 |   113 |   148 ||   346

Table legend: (Time is in decaauts)
 A = Elapsed time spent in this place.
 B = Non-inter-level travel time spent in this place.
 C = Inter-level travel time spent in this place.
 D = Time resting spent in this place.
 E = Time spent auto-exploring this place.
 F = Levels seen in this place.
 G = Mean time per level.
                   A        B        C        D        E       F      G
               +--------+--------+--------+--------+--------+-----+--------+
         Total |  17265 |  16423 |    842 |   4889 |   9145 |  13 | 1328.1 |
       Dungeon |  15518 |  14745 |    773 |   4362 |   8186 |  10 | 1551.8 |
        Temple |    218 |    178 |     40 |      0 |    167 |   1 |  218.0 |
          Lair |   1528 |   1499 |     29 |    527 |    792 |   2 |  764.0 |
               +--------+--------+--------+--------+--------+-----+--------+

Top non-repeatable levels by time:
     D:7: 2926 daAuts
     D:9: 2205 daAuts
     D:8: 2007 daAuts
     D:6: 1691 daAuts
     D:3: 1615 daAuts
  Lair:1: 1489 daAuts
     D:5: 1308 daAuts
     D:4: 1307 daAuts
     D:1: 1047 daAuts
     D:2: 1039 daAuts
    D:10: 369 daAuts
  Temple: 218 daAuts
  Lair:2: 39 daAuts
